ITL
HAVANA ROLLERS @ ALLENTOWN HILLBILLIES
05/16/2027
 
TOP OF THE 1ST
Havana Rollers batting - Pitching for Allentown Hillbillies : LHP Dan Rogers
Pitching: LHP Dan Rogers
Batting: LHB Rafael Delgado 0-0: Ball
1-0: Called Strike
1-1: Ball
2-1: Foul Ball, location: 2F
2-2: Foul Ball, location: 2F
2-2: Ball
3-2: Strikes out swinging
Batting: RHB Paul Bailey 0-0: Called Strike
0-1: Foul Ball, location: 2F
0-2: Foul Ball, location: 2F
0-2: Foul Ball, location: 2F
0-2: Strikes out looking
Batting: RHB Jack Bailey 0-0: Ball
1-0: Swinging Strike
1-1: Ball
2-1: Ground out 4-3 (Groundball, 4)
Top of the 1st over - 0 run(s), 0 hit(s), 0 error(s), 0 left on base; Havana 0 - Allentown 0
BOTTOM OF THE 1ST
Allentown Hillbillies batting - Pitching for Havana Rollers : RHP Fernando Castillo
Pitching: RHP Fernando Castillo
Batting: RHB Carl Brown 0-0: Called Strike
0-1: Swinging Strike
0-2: Strikes out swinging
Batting: LHB Francisco Vega 0-0: Ball
1-0: Ball
2-0: Fly out, F8 (Line Drive, 8RS)
Batting: RHB Bartolo López 0-0: Called Strike
0-1: Ball
1-1: Ground out 6-3 (Groundball, 6)
Bottom of the 1st over - 0 run(s), 0 hit(s), 0 error(s), 0 left on base; Havana 0 - Allentown 0
TOP OF THE 2ND
Havana Rollers batting - Pitching for Allentown Hillbillies : LHP Dan Rogers
Batting: SHB Chris Bennis 0-0: Called Strike
0-1: Ball
1-1: SINGLE (Groundball, 34D)
Batting: RHB Soshu Nakamura 0-0: Ball
1-0: Ball
2-0: Ball
3-0: Base on Balls
Chris Bennis to second
Batting: SHB Edgardo Osorio 0-0: Called Strike
0-1: Ball
1-1: Called Strike
1-2: Ball
2-2: SINGLE (Groundball, 56D)
Chris Bennis to third
Soshu Nakamura to second
Runner from 3rd tries for Home, SAFE, throw made at trailing runner, SAFE at third!
Batting: RHB Yaichiro Sugahara 0-0: Ball
1-0: Called Strike
1-1: Called Strike
Edgardo Osorio steals 2nd base
1-2: Ball
2-2: Strikes out swinging
Batting: RHB Francisco Rincón 0-0: Called Strike
0-1: Called Strike
0-2: Ball
1-2: Strikes out looking
Batting: LHB Juan Romero 0-0: Called Strike
0-1: Foul Ball, location: 2F
0-2: Ball
1-2: Ball
2-2: Ball
Wild Pitch!
Soshu Nakamura scores
Edgardo Osorio to third
3-2: Strikes out swinging
Top of the 2nd over - 2 run(s), 2 hit(s), 0 error(s), 1 left on base; Havana 2 - Allentown 0
BOTTOM OF THE 2ND
Allentown Hillbillies batting - Pitching for Havana Rollers : RHP Fernando Castillo
Batting: LHB Marcos Vargas 0-0: Foul Ball, location: 2F
0-1: Swinging Strike
0-2: Foul Ball, location: 2F
0-2: Foul Ball, location: 2F
0-2: Ball
1-2: Hit by Pitch
Batting: RHB Millard Stark 0-0: SINGLE (Groundball, 3D)
Marcos Vargas to second
Runner from 2nd tries for 3rd, SAFE, throw made to third
Batting: LHB Rafael Flores 0-0: Called Strike
0-1: Ball
1-1: Swinging Strike
1-2: Strikes out swinging
Millard Stark steals 2nd base
Batter strikes out.
Batting: RHB Jimmy Simon 0-0: Called Strike
0-1: Swinging Strike
0-2: Foul Ball, location: 2F
0-2: Foul Ball, location: 2F
0-2: Ball
1-2: Foul Ball, location: 2F
1-2: Ball
Wild Pitch!
Marcos Vargas scores
Millard Stark to third
2-2: Foul Ball, location: 2F
2-2: Foul Ball, location: 2F
2-2: Foul Ball, location: 2F
2-2: SINGLE (Flyball, 78S)
Millard Stark scores
Batting: LHB Miguel Colón 0-0: Ball
1-0: Swinging Strike
1-1: Ground out 5-3 (Groundball, 56S)
Jimmy Simon to second
Batting: RHB Joel Jackson 0-0: Ball
1-0: Ball
2-0: SINGLE (Line Drive, 7S)
Jimmy Simon to third
Batting: RHB Carl Brown 0-0: Called Strike
0-1: Ball
1-1: Foul Ball, location: 2F
1-2: Ball
2-2: Strikes out looking
Bottom of the 2nd over - 2 run(s), 3 hit(s), 0 error(s), 2 left on base; Havana 2 - Allentown 2
TOP OF THE 3RD
Havana Rollers batting - Pitching for Allentown Hillbillies : LHP Dan Rogers
Batting: LHB Rafael Delgado 0-0: Ball
1-0: Fly out, F8 (Flyball, 8LD)
Batting: RHB Paul Bailey 0-0: Ground out 5-3 (Groundball, 5)
Batting: RHB Jack Bailey 0-0: Fly out, F8 (Line Drive, 8RM)
Top of the 3rd over - 0 run(s), 0 hit(s), 0 error(s), 0 left on base; Havana 2 - Allentown 2
BOTTOM OF THE 3RD
Allentown Hillbillies batting - Pitching for Havana Rollers : RHP Fernando Castillo
Batting: LHB Francisco Vega 0-0: Ball
1-0: SOLO HOME RUN (Flyball, 89XD), Distance : 393 ft
Batting: RHB Bartolo López 0-0: Called Strike
0-1: Swinging Strike
0-2: Foul Ball, location: 2F
0-2: Ball
1-2: Ball
2-2: Ball
3-2: Fly out, F9 (Flyball, 9D)
Batting: LHB Marcos Vargas 0-0: Called Strike
0-1: Swinging Strike
0-2: Strikes out swinging
Batting: RHB Millard Stark 0-0: Ball
1-0: Called Strike
1-1: Foul Ball, location: 2F
1-2: Foul Ball, location: 2F
1-2: Strikes out swinging
Bottom of the 3rd over - 1 run(s), 1 hit(s), 0 error(s), 0 left on base; Havana 2 - Allentown 3
TOP OF THE 4TH
Havana Rollers batting - Pitching for Allentown Hillbillies : LHP Dan Rogers
Batting: SHB Chris Bennis 0-0: Swinging Strike
0-1: Foul Ball, location: 2F
0-2: Foul Ball, location: 2F
0-2: Ball
1-2: Fly out, F9 (Flyball, 89M)
Batting: RHB Soshu Nakamura 0-0: Called Strike
0-1: Ball
1-1: SINGLE (Line Drive, 7S)
Pitching: LHP Alberto Maldonado
Batting: SHB Edgardo Osorio 0-0: Ball
1-0: Fly out, F3 (Line Drive, 34S)
Batting: RHB Yaichiro Sugahara 0-0: Ball
1-0: Called Strike
1-1: Ball
2-1: Called Strike
2-2: Ball
Soshu Nakamura steals 2nd base
3-2: Base on Balls
Batting: RHB Francisco Rincón 0-0: Ball
1-0: Ball
2-0: Called Strike
2-1: Foul Ball, location: 2F
2-2: Strikes out swinging
Top of the 4th over - 0 run(s), 1 hit(s), 0 error(s), 2 left on base; Havana 2 - Allentown 3
BOTTOM OF THE 4TH
Allentown Hillbillies batting - Pitching for Havana Rollers : RHP Fernando Castillo
Batting: LHB Rafael Flores 0-0: Called Strike
0-1: Ball
1-1: Called Strike
1-2: Ground out U3 (Groundball, 3S)
Batting: RHB Jimmy Simon 0-0: Ground out 5-3 (Groundball, 56S)
Batting: LHB Miguel Colón 0-0: Ball
1-0: Swinging Strike
1-1: Ball
2-1: Foul Ball, location: 2F
2-2: Strikes out swinging
Bottom of the 4th over - 0 run(s), 0 hit(s), 0 error(s), 0 left on base; Havana 2 - Allentown 3
TOP OF THE 5TH
Havana Rollers batting - Pitching for Allentown Hillbillies : LHP Alberto Maldonado
Batting: LHB Juan Romero 0-0: Ball
1-0: Called Strike
1-1: DOUBLE (Groundball, 3L)
Batting: LHB Rafael Delgado 0-0: Ball
1-0: Ball
2-0: Ball
3-0: Base on Balls
Batting: RHB Paul Bailey 0-0: Fielders Choice at 2nd, 3-6 (Groundball, 34)
Juan Romero to third
Batting: RHB Jack Bailey 0-0: Fly out, F8 (Flyball, 8LS)
Runner from 3rd tags up, SCORES, no throw
Batting: SHB Chris Bennis 0-0: Ball
1-0: Fly out, F4 (Popup, 3D)
Top of the 5th over - 1 run(s), 1 hit(s), 0 error(s), 1 left on base; Havana 3 - Allentown 3
BOTTOM OF THE 5TH
Allentown Hillbillies batting - Pitching for Havana Rollers : RHP Fernando Castillo
Batting: RHB Joel Jackson 0-0: Swinging Strike
0-1: Ball
1-1: Swinging Strike
1-2: Foul Ball, location: 2F
1-2: Ball
2-2: Ground out 5-3 (Groundball, 56S)
Batting: RHB Carl Brown 0-0: Ground out 6-3 (Groundball, 56)
Batting: LHB Francisco Vega 0-0: Called Strike
0-1: Ball
1-1: Foul Ball, location: 2F
1-2: Ball
2-2: Foul Ball, location: 2F
2-2: SINGLE (Line Drive, 78S)
Batting: RHB Bartolo López 0-0: Ball
1-0: Called Strike
1-1: Fielders Choice at 2nd, 5-4 (Groundball, 56)
Bottom of the 5th over - 0 run(s), 1 hit(s), 0 error(s), 0 left on base; Havana 3 - Allentown 3
TOP OF THE 6TH
Havana Rollers batting - Pitching for Allentown Hillbillies : LHP Alberto Maldonado
Batting: RHB Soshu Nakamura 0-0: Fly out, F9 (Flyball, 9S)
Batting: SHB Edgardo Osorio 0-0: Called Strike
0-1: Called Strike
0-2: Ball
1-2: Strikes out swinging
Batting: RHB Yaichiro Sugahara 0-0: Ball
1-0: Ball
2-0: Ball
3-0: Called Strike
3-1: Base on Balls
Pitching: LHP Alejandro Castillo
Batting: RHB Francisco Rincón 0-0: Ball
1-0: Foul Ball, location: 2F
1-1: Ball
2-1: SINGLE (Line Drive, 4MD)
Yaichiro Sugahara to second
Batting: LHB Juan Romero 0-0: Called Strike
0-1: Ball
1-1: Ball
2-1: Ball
3-1: Foul Ball, location: 2F
3-2: Base on Balls
Yaichiro Sugahara to third
Francisco Rincón to second
Batting: LHB Rafael Delgado 0-0: SINGLE (Groundball, 34D)
Yaichiro Sugahara scores
Francisco Rincón to third
Juan Romero to second
Runner from 3rd tries for Home, SAFE, no throw
Batting: RHB Paul Bailey 0-0: Foul Ball, location: 2F
0-1: Ball
1-1: 3-RUN HOME RUN (Flyball, 7D), Distance : 375 ft
Pitching: LHP Emílio Trevino
Batting: RHB Jack Bailey 0-0: Called Strike
0-1: Swinging Strike
0-2: Ball
1-2: Ball
2-2: Ball
3-2: Foul Ball, location: 2F
3-2: Base on Balls
Batting: SHB Chris Bennis 0-0: Ball
1-0: Ground out 5-3 (Groundball, 56S)
Top of the 6th over - 5 run(s), 3 hit(s), 0 error(s), 1 left on base; Havana 8 - Allentown 3
BOTTOM OF THE 6TH
Allentown Hillbillies batting - Pitching for Havana Rollers : RHP Fernando Castillo
Batting: LHB Marcos Vargas 0-0: Called Strike
0-1: SINGLE (Groundball, 34D)
Batting: RHB Millard Stark 0-0: Ball
1-0: Ball
2-0: Foul Ball, location: 2F
2-1: Ball
3-1: Swinging Strike
3-2: Foul Ball, location: 2F
3-2: Foul Ball, location: 2F
3-2: Foul Ball, location: 2F
3-2: Base on Balls
Marcos Vargas to second
Pitching: RHP Tu-fu Zhou
Batting: LHB Rafael Flores 0-0: Ball
1-0: Ball
2-0: Called Strike
2-1: Ball
3-1: Swinging Strike
3-2: Strikes out swinging
Batting: RHB Jimmy Simon 0-0: Ball
1-0: Ball
2-0: Called Strike
2-1: Ball
3-1: Foul Ball, location: 2F
3-2: Reached on error, E4 (Groundball, 4)
Marcos Vargas to third
Millard Stark to second
Batting: LHB Miguel Colón 0-0: Called Strike
0-1: Called Strike
0-2: Foul Ball, location: 2F
0-2: Ball
1-2: Strikes out swinging
Batting: RHB Joel Jackson 0-0: Ball
1-0: Called Strike
1-1: Foul Ball, location: 2F
1-2: Fielders Choice at 2nd, 6-4 (Groundball, 6)
Bottom of the 6th over - 0 run(s), 1 hit(s), 1 error(s), 2 left on base; Havana 8 - Allentown 3
TOP OF THE 7TH
Havana Rollers batting - Pitching for Allentown Hillbillies : LHP Emílio Trevino
Batting: RHB Soshu Nakamura 0-0: Ball
1-0: Ball
2-0: Ground out 5-3 (Groundball, 56)
Batting: SHB Edgardo Osorio 0-0: Ball
1-0: Ball
2-0: Ball
3-0: Base on Balls
Batting: RHB Yaichiro Sugahara 0-0: Called Strike
0-1: Ball
1-1: Ball
2-1: Swinging Strike
2-2: Hit by Pitch
Edgardo Osorio to second
Batting: RHB Francisco Rincón 0-0: Foul Ball, location: 2F
0-1: Fly out, F9 (Flyball, 9S)
Batting: LHB Juan Romero 0-0: Ball
1-0: Called Strike
1-1: Fly out, F7 (Flyball, 7S)
Top of the 7th over - 0 run(s), 0 hit(s), 0 error(s), 2 left on base; Havana 8 - Allentown 3
BOTTOM OF THE 7TH
Allentown Hillbillies batting - Pitching for Havana Rollers : RHP Tu-fu Zhou
Batting: RHB Carl Brown 0-0: Fly out, F9 (Flyball, 9LS)
Batting: LHB Francisco Vega 0-0: Ball
1-0: Ball
2-0: Ball
3-0: Base on Balls
Batting: RHB Bartolo López 0-0: Called Strike
0-1: Called Strike
0-2: Grounds into double play, 4-6-3 (Groundball, 4M)
Bottom of the 7th over - 0 run(s), 0 hit(s), 0 error(s), 0 left on base; Havana 8 - Allentown 3
TOP OF THE 8TH
Havana Rollers batting - Pitching for Allentown Hillbillies : LHP Emílio Trevino
Batting: LHB Rafael Delgado 0-0: DOUBLE (Line Drive, 9LD)
Batting: RHB Paul Bailey 0-0: Ball
1-0: Swinging Strike
1-1: Called Strike
1-2: Ball
2-2: Strikes out looking
Batting: RHB Jack Bailey 0-0: Ball
1-0: Called Strike
1-1: Ball
Rafael Delgado steals 3rd base
2-1: SINGLE (Groundball, 6D)
Rafael Delgado scores
Batting: SHB Chris Bennis 0-0: SINGLE (Line Drive, 8LS)
Jack Bailey to second
Batting: RHB Soshu Nakamura 0-0: Ball
1-0: Called Strike
1-1: DOUBLE (Flyball, 78D)
Jack Bailey scores
Chris Bennis to third
Batting: SHB Edgardo Osorio 0-0: Called Strike
0-1: Ball
1-1: Fly out, F3 (Popup, 3S)
Batting: RHB Yaichiro Sugahara 0-0: SINGLE (Line Drive, 6M)
Chris Bennis scores
Soshu Nakamura to third
Runner from 3rd tries for Home, SAFE, no throw
Pitching: LHP Nick Merrit
Batting: RHB Francisco Rincón 0-0: Ball
1-0: Called Strike
1-1: Called Strike
1-2: Ball
2-2: Foul Ball, location: 2F
2-2: Fielders Choice at 2nd, 5-4 (Groundball, 56)
Top of the 8th over - 4 run(s), 5 hit(s), 0 error(s), 0 left on base; Havana 12 - Allentown 3
BOTTOM OF THE 8TH
Allentown Hillbillies batting - Pitching for Havana Rollers : RHP Tu-fu Zhou
Batting: LHB Marcos Vargas 0-0: Ball
1-0: Ball
2-0: Called Strike
2-1: Ball
3-1: Called Strike
3-2: Fly out, F8 (Line Drive, 89XD)
Batting: RHB Millard Stark 0-0: SINGLE (Line Drive, 4MD)
Batting: LHB Rafael Flores 0-0: Called Strike
0-1: Fly out, F8 (Flyball, 8LM)
Batting: RHB Jimmy Simon 0-0: Ground out 6-3 (Groundball, 6S)
Bottom of the 8th over - 0 run(s), 1 hit(s), 0 error(s), 1 left on base; Havana 12 - Allentown 3
TOP OF THE 9TH
Havana Rollers batting - Pitching for Allentown Hillbillies : LHP Nick Merrit
Batting: LHB Juan Romero 0-0: Called Strike
0-1: Ball
1-1: Foul Ball, location: 2F
1-2: Ground out 4-3 (Groundball, 4)
Pinch Hitting: LHB Dave Gordon 0-0: Ball
1-0: Ball
2-0: Foul Ball, location: 2F
2-1: Foul Ball, location: 2F
2-2: SOLO HOME RUN (Flyball, 9LD), Distance : 380 ft
Batting: RHB Paul Bailey 0-0: Foul Ball, location: 2F
0-1: Called Strike
0-2: Foul Ball, location: 2F
0-2: Ball
1-2: SINGLE (Flyball, 9LS)
Batting: RHB Jack Bailey 0-0: Swinging Strike
0-1: SINGLE (Groundball, 56D)
Paul Bailey to second
Batting: SHB Chris Bennis 0-0: Ball
1-0: 3-RUN HOME RUN (Flyball, 9D), Distance : 381 ft
Batting: RHB Soshu Nakamura 0-0: Called Strike
0-1: Swinging Strike
0-2: Ball
1-2: Strikes out swinging
Pinch Hitting: RHB Victor Andrews 0-0: Ball
1-0: Ball
2-0: Called Strike
2-1: Foul Ball, location: 2F
2-2: Fly out, F6 (Line Drive, 6)
Top of the 9th over - 4 run(s), 4 hit(s), 0 error(s), 0 left on base; Havana 16 - Allentown 3
BOTTOM OF THE 9TH
Allentown Hillbillies batting - Pitching for Havana Rollers : RHP Tu-fu Zhou
Now at 1B: Zhi-huan Loong
Now in CF: José Torres
Now in RF: Enrique Cortéz
Batting: LHB Miguel Colón 0-0: Ball
1-0: Ball
2-0: Ball
3-0: Called Strike
3-1: Base on Balls
Batting: RHB Joel Jackson 0-0: Called Strike
0-1: Foul Ball, location: 2F
0-2: Ball
1-2: Foul Ball, location: 2F
1-2: Strikes out swinging
Batting: RHB Carl Brown 0-0: Grounds into double play, 5-4-3 (Groundball, 56)
Bottom of the 9th over - 0 run(s), 0 hit(s), 0 error(s), 0 left on base; Havana 16 - Allentown 3
Thursday, March 30th, 2017 - OOTP Baseball 17.12 Build 75